 Dungeon Crawl Stone Soup version 0.31-a0-180-g519b7de00c (webtiles) character file.

Game seed: 11283856347021086498

101 Maxmaps the Cutter (level 4, -7/32 HPs)
             Began as a Demonspawn Hexslinger on June 19, 2023.
             Splashed by a jelly's acid (8 damage)
             ... on level 4 of the Dungeon.
             The game lasted 00:02:46 (2045 turns).

Maxmaps the Cutter (Demonspawn Hexslinger)          Turns: 2045, Time: 00:02:48

Health: -7/32      AC: -3    Str:  8    XL:     4   Next: 48%
Magic:  5/5        EV: 10    Int: 16    God:
Gold:   210        SH:  0    Dex: 16    Spells: 4/5 levels left

rFire   . . .        e - +2 dagger (venom)
rCold   . . .        (no shield)
rNeg    . . .        o - +0 ring mail
rPois   .            (no helmet)
rElec   .            (no cloak)
rCorr   .            (no gloves)
SInv    +            (no boots)
Will    .....        (no amulet)
Stlth   +            f - ring of see invisible
HPRegen 0.25/turn    (no ring)
MPRegen 0.09/turn

%: no passive effects
@: weak-willed, corroded
A: powered by death 1, weakness stinger 1
a: no special abilities


You were on level 4 of the Dungeon.
You visited 1 branch of the dungeon, and saw 4 of its levels.

You collected 210 gold pieces.

Inventory:

Hand Weapons
 a - a +1 sling
 e - a +2 dagger of venom (weapon)
Armour
 c - a +0 robe
 o - a +0 ring mail (worn)
Jewellery
 f - a ring of see invisible (left hand)
 r - a ring of willpower
Scrolls
 b - 3 scrolls of poison
 h - a scroll of fog
 j - 2 scrolls of teleportation
 k - 4 scrolls of amnesia
 l - 3 scrolls of vulnerability
Potions
 d - a potion of enlightenment
 i - 5 potions of curing
 p - a potion of magic {unknown}
 q - a potion of invisibility {unknown}


   Skills:
 - Level 1.0 Fighting
 + Level 3.7 Short Blades
 - Level 1.9 Ranged Weapons
 - Level 1.7 Dodging
 - Level 1.0 Spellcasting
 - Level 3.0 Hexes


You had 4 spell levels left.
You knew the following spells:

 Your Spells              Type           Power      Damage    Failure   Level
a - Slow                  Hex            40%        N/A       21%         1

Your spell library contained the following spells:

 Spells                   Type           Power      Damage    Failure   Level
 Cigotuvi's Dreadful Rot  Necr/Pois/Air  0%         N/A       71%         2
 Inner Flame              Hex/Fire       5%         N/A       75%         3
 Portal Projectile        Hex/Tloc       10%        N/A       75%         3
 Cause Fear               Hex            5%         N/A       90%         4
 Ignite Poison            Fire/Tmut/Pois 0%         N/A       91%         3
 Sticky Flame             Conj/Fire      0%         2d3       100%        4
 Freezing Cloud           Conj/Ice/Air   0%         6-21      100%        5
 Ignition                 Fire           0%         3d3       100%        8


Dungeon Overview and Level Annotations

Branches:
Dungeon (4/15)
 Temple: D:4-7

Altars:
Ru
Xom


Innate Abilities, Weirdness & Mutations

You regenerate a little health from kills.
You have a small tail.


Message History

The adder is moderately wounded.
The adder bites you but does no damage.
You hit the adder.
The adder looks as sick as possible!
The adder is moderately wounded.
The adder bites you.
You are poisoned.
The adder poisons you!
You hit the adder.
The adder is almost dead.
You feel sick.
You kill the adder!
No target in view!
You feel sick.
Found 3 stones.
You feel sick.
You feel sick.
You see here a stone.
You feel sick.
You feel sick.
You are no longer poisoned.
A jelly comes into view.
You hit the jelly. The acid corrodes you!
Your hands burn!
The jelly is lightly wounded.
The jelly hits you. The acid corrodes you!
You are splashed with acid!
* * * LOW HITPOINT WARNING * * *
You are too injured to fight recklessly!
You are too injured to fight recklessly!
You hit the jelly.
Your hands burn!
* * * LOW HITPOINT WARNING * * *
The jelly is moderately wounded.
You hit the jelly but do no damage.
Your hands burn!
* * * LOW HITPOINT WARNING * * *
The jelly is moderately wounded.
The jelly barely misses you.
You hit the jelly but do no damage.
The jelly is poisoned.
Your hands burn!
* * * LOW HITPOINT WARNING * * *
The jelly is moderately wounded.
The jelly hits you.
* * * LOW HITPOINT WARNING * * *
You are splashed with acid!
You die...

####...#.#.#
##.....8...8(
##.....#.#.#.#
#.........8..
#......#.#.#.#
#.......8...8.
##......#.#.#.#
#......(...8... ...
#.J@....#.#.#.#
#...#####........8...8.
................#.#.#.#
...................8..
...............#.#.#.#
#..............8...8.
##.............#.#.#
##.†...........##..
##..........####


You could see a jelly (very poisoned).

Vanquished Creatures
  2 adders
  A worm (D:2)
  2 dart slugs
  12 ball pythons
  3 endoplasms
  4 giant cockroaches
  6 goblins
  11 hobgoblins
  3 jackals (D:3)
  9 bats
  2 frilled lizards (D:1)
  12 kobolds
  4 rats
71 creatures vanquished.

Notes
Turn   | Place    | Note
-------+----------+-------------------------------------------
     0 | D:1      | Maxmaps the Demonspawn Hexslinger began the quest for the
                  | Orb.
     0 | D:1      | Reached XP level 1. HP: 15/15 MP: 2/2
   139 | D:1      | Reached skill level 1 in Short Blades
   208 | D:1      | Gained mutation: You regenerate a little health from kills.
                  | [demonic ancestry]
   208 | D:1      | Reached XP level 2. HP: 12/21 MP: 3/3
   654 | D:2      | Gained mutation: You have a small tail. [demonic ancestry]
   654 | D:2      | Reached XP level 3. HP: 23/26 MP: 4/4
   885 | D:2      | Found a sacrificial altar of Ru.
  1489 | D:3      | Reached XP level 4. HP: 32/32 MP: 5/5
  1845 | D:3      | Found a shimmering altar of Xom.
  2045 | D:4      | HP: 1/32 [jelly (3)]
  2045 | D:4      | Splashed by a jelly's acid

Illustrated notes

Levels and vault maps discovered:
D:1:      dpeg_arrival_round_c, layout_rooms, columned_hall_lemuel,
          minmay_misc_feat_nine_boxes
D:2:      layout_basic, basic_altar
D:3:      layout_loops_ring, tgw_xom, serial_park_tiny_2
D:4:      layout_cave_pods, mainiacjoe_overflow_alcove_4, gup_sewer_entry_pipe,
          kennysheep_crisscross, minmay_stone_trees_small

Skill      XL: |  1  2  3 |
---------------+----------+-----
Short Blades   | 1 2 3 |  3.7
Fighting       | |  1.0
Ranged Weapons | |  1.9
Dodging        | |  1.7
Spellcasting   | |  1.0
Hexes          | |  3.0

Action                     |  1- 3 |  4- 6 || total
---------------------------+-------+-------++-------
  Melee: Dagger            |   121 |    63 ||   184
         Tailslap          |     6 |     7 ||    13
         Punch             |       |     1 ||     1
   Fire: Sling             |     9 |       ||     9
    Use: Scroll            |       |     8 ||     8
   Stab: Sleeping          |     6 |       ||     6
 Armour: Robe              |    16 |       ||    16
         Ring mail         |    12 |    25 ||    37
  Dodge: Dodged            |    74 |    45 ||   119

Table legend: (Time is in decaauts)
 A = Elapsed time spent in this place.
 B = Non-inter-level travel time spent in this place.
 C = Inter-level travel time spent in this place.
 D = Time resting spent in this place.
 E = Time spent auto-exploring this place.
 F = Levels seen in this place.
 G = Mean time per level.
                   A        B        C        D        E       F      G
               +--------+--------+--------+--------+--------+-----+--------+
         Total |   2025 |   1916 |    109 |    114 |   1390 |   4 |  506.2 |
       Dungeon |   2025 |   1916 |    109 |    114 |   1390 |   4 |  506.2 |
               +--------+--------+--------+--------+--------+-----+--------+

Top non-repeatable levels by time:
     D:3: 874 daAuts
     D:1: 619 daAuts
     D:2: 433 daAuts
     D:4: 97 daAuts
